 Dungeon Crawl Stone Soup version 0.29.1-15-g9cfb28693d (webtiles) character file.

Game seed: 11379477806909059717

1305364 roguespy the Eclecticist (level 26, 164/164 HPs)
             Began as a Gargoyle Earth Elementalist on Feb 20, 2023.
             Was the Champion of Vehumet.
             Escaped with the Orb
             ... and 3 runes on Feb 23, 2023!
             The game lasted 14:41:07 (115611 turns).

roguespy the Eclecticist (GrEE)                   Turns: 115611, Time: 14:41:07

Health: 164/164    AC: 51    Str: 15    XL:     26   Next: 57%
Magic:  46/55      EV: 11    Int: 31    God:    Vehumet [******]
Gold:   1017       SH: 16    Dex: 10    Spells: 5/63 levels left

rFire   + . .      SeeInvis +   U - +4 mace of the Median {protect, Will+ MP+9 SInv}
rCold   . . .      Faith    .   e - +5 kite shield {AC+3}
rNeg    + + .      Spirit   .   n - +0 fire dragon scales
rPois   ∞          Reflect  .   a - +2 helmet
rElec   +          Harm     .   T - +4 dragonskin cloak
rCorr   .          Rampage  .   N - +2 pair of gloves
Will    +++..                   H - +2 pair of boots
Stlth   ..........              Q - amulet of regeneration
HPRegen 1.17/turn               s - ring "Lomiluq" {Ice rN+ Will+}
MPRegen 0.34/turn               u - +6 ring of intelligence

@: flying, studying Short Blades
A: sickness immunity, AC +20, big wings, negative energy resistance 1,
electricity resistance, torment resistance 1, petrification resistance,
inhibited regeneration
0: Orb of Zot
}: 3/15 runes: serpentine, barnacled, slimy
a: Renounce Religion


You escaped.
You worshipped Vehumet.
Vehumet was exalted by your worship.
You visited 10 branches of the dungeon, and saw 51 of its levels.

You collected 5476 gold pieces.
You spent 4459 gold pieces at shops.

Inventory:

Hand Weapons
 t - the +5 falchion "Huizybb" {freeze, +Blink rElec rCorr Str-4}
   (You took it off a deep elf death mage on level 3 of the Elven Halls)

   It freezes those it strikes, dealing additional cold damage.
   It can also slow down cold-blooded creatures.
   Str:       It affects your strength (-4).
   rElec:     It insulates you from electricity.
   +Blink:    It lets you blink.
   rCorr:     It protects you from acid and corrosion.
 x - the +5 whip of Penag {vorpal, rCorr}
   (You bought it in a shop on level 3 of the Elven Halls)

   It inflicts extra damage upon your enemies.
   rCorr:     It protects you from acid and corrosion.
 U - the +4 mace of the Median (weapon) {protect, Will+ MP+9 SInv}
   (You found it on level 7 of the Dungeon)

   It grants its wielder temporary protection when it strikes (+7 to AC).
   MP:        It affects your magic capacity (+9).
   SInv:      It lets you see invisible.
   Will:      It increases your willpower.
Missiles
 W - 6 throwing nets
Armour
 a - a +2 helmet (worn)
 e - a +5 kite shield of protection (worn)
 m - quicksilver dragon scales
 n - +0 fire dragon scales (worn)
 r - a +4 scale mail of willpower
 C - the +0 cloak of Xom's Esteem {Regen+ Str+3}
   (You found it on level 5 of the Dungeon)

   Str:       It affects your strength (+3).
   Regen:     It increases your rate of health regeneration.
 H - a +2 pair of boots (worn)
 I - a +2 robe of willpower
 N - a +2 pair of gloves (worn)
 T - the +4 dragonskin cloak (worn)
   (You took it off Tiamat on level 2 of the Realm of Zot)

   It grants the wearer a chance to resist fire, cold, poison, electricity,
   acid, and negative energy.
Magical Staves
 c - a staff of conjuration
 j - a staff of earth
 R - a staff of cold
Jewellery
 h - a ring of protection from cold
 l - a ring of magical power
 o - a +4 ring of evasion
 s - the ring "Lomiluq" (left hand) {Ice rN+ Will+}
   (You took it off Josephina on level 2 of the Depths)

   [ring of ice]

   It enhances your ice magic.
   rF:        It makes you vulnerable to fire.
   rC:        It protects you from cold.
   rN:        It protects you from negative energy.
   Will:      It increases your willpower.
 u - a +6 ring of intelligence (right hand)
 y - a ring of see invisible
 A - a ring of protection from fire
 B - a ring of positive energy
 K - a ring of protection from fire
 Q - an amulet of regeneration (around neck)
 S - a ring of wizardry
 Y - the ring "Sut Ciz" {*Slow Will+ Int+3 Stlth+}
   (You bought it in a shop on level 2 of the Orcish Mines)

   [ring of willpower]

   Int:       It affects your intelligence (+3).
   *Slow:     It may slow you when you take damage.
   Will:      It increases your willpower.
   Stlth:     It makes you more stealthy.
 Z - the ring of Miracles {*Corrode rN+ Int+3 Dex+4}
   (You took it off a spriggan defender on level 2 of the Depths)

   [ring of positive energy]

   Int:       It affects your intelligence (+3).
   Dex:       It affects your dexterity (+4).
   rN:        It protects you from negative energy.
   *Corrode:  It may corrode you when you take damage.
Wands
 O - a wand of roots (29)
Scrolls
 b - 3 scrolls of torment
 f - 4 scrolls of fog
 i - 5 scrolls of teleportation
 w - 9 scrolls of enchant weapon
 D - a scroll of summoning
 E - 8 scrolls of fear
 G - 5 scrolls of immolation
 P - 5 scrolls of silence
 V - 2 scrolls of amnesia
Potions
 d - 3 potions of brilliance
 g - 8 potions of curing
 k - 8 potions of mutation
 p - 2 potions of cancellation
 v - a potion of heal wounds
 z - a potion of magic
 F - 7 potions of berserk rage
 J - 7 potions of might
 L - a potion of invisibility
 M - a potion of resistance
 X - 5 potions of ambrosia


   Skills:
 - Level 16.4 Fighting
 - Level 12.6 Maces & Flails
 - Level 0.5(8.0) Staves
 - Level 11.9 Armour
 - Level 10.0 Dodging
 - Level 2.4 Stealth
 - Level 10.8 Shields
 - Level 2.1 Unarmed Combat
 + Level 19.0 Spellcasting
 - Level 18.7 Conjurations
 + Level 15.3 Summonings
 - Level 7.8 Transmutations
 - Level 17.5 Ice Magic
 - Level 2.9 Air Magic
 - Level 18.9 Earth Magic


You had 5 spell levels left.
You knew the following spells:

 Your Spells              Type           Power      Damage    Failure   Level
a - Sandblast             Erth           100%       2d20      0%          1
b - Iron Shot             Conj/Erth      49%        9d9       1%          6
c - Irradiate             Conj/Tmut      42%        3d25      1%          5
d - Ozocubu's Refrigerat  Ice            59%        4d20      1%          7
e - Ozocubu's Armour      Ice            100%       N/A       1%          3
f - Lehudib's Crystal Sp  Conj/Erth      49%        10d12     8%          8
g - Spellforged Servitor  Conj/Summ      47%        N/A       2%          7
h - Swiftness             Air            47%        N/A       9%          3
i - Summon Cactus Giant   Summ           45%        N/A       2%          6
j - Call Imp              Summ           90%        N/A       1%          2
k - Summon Small Mammal   Summ           100%       N/A       1%          1
l - Shatter               Erth           49%        3d37*     69%         9

Your spell library contained the following spells:

 Spells                   Type           Power      Damage    Failure   Level
 Polar Vortex             Ice            59%        N/A       86%         9
 Freeze                   Ice            100%       1d11      0%          1
 Magic Dart               Conj           100%       1d8       0%          1
 Frozen Ramparts          Ice            100%       1d16      0%          3
 Stone Arrow              Conj/Erth      100%       3d13      0%          3
 Foxfire                  Conj/Fire      100%       2x1d9     1%          1
 Sting                    Tmut/Pois      100%       1d8       1%          1
 Ensorcelled Hibernation  Hex/Ice        100%       N/A       1%          2
 Passwall                 Tmut/Erth      70%        N/A       1%          2
 Wereblood                Tmut           68%        N/A       1%          2
 Call Canine Familiar     Summ           90%        N/A       1%          3
 Conjure Flame            Conj/Fire      72%        6-21      1%          3
 Dazzling Flash           Conj/Hex       100%       N/A       1%          3
 Mephitic Cloud           Conj/Pois/Air  65%        N/A       1%          3
 Summon Guardian Golem    Hex/Summ       67%        N/A       1%          3
 Flame Wave               Conj/Fire      72%        2d16      1%          4
 Fulminant Prism          Conj/Hex       36%        3d18      1%          4
 Hailstorm                Conj/Ice       100%       3d20      1%          4
 Ice Form                 Ice/Tmut       100%       N/A       1%          4
 Iskenderun's Mystic Bla  Conj/Tloc      72%        2d15      1%          4
 Petrify                  Tmut/Erth      85%        N/A       1%          4
 Sticky Flame             Conj/Fire      72%        2d9       1%          4
 Summon Ice Beast         Ice/Summ       100%       N/A       1%          4
 Lee's Rapid Deconstruct  Erth           49%        3d24*     1%          5
 Poisonous Vapours        Pois/Air       76%        N/A       2%          2
 Ignite Poison            Fire/Tmut/Pois 45%        N/A       3%          3
 Scorch                   Fire           58%        2d8       4%          2
 Spider Form              Tmut/Pois      52%        N/A       6%          3
 Inner Flame              Hex/Fire       29%        N/A       9%          3
 Apportation              Tloc           58%        N/A       10%         1
 Necrotise                Necr           100%       1d9       10%         1
 Blade Hands              Tmut           34%        N/A       11%         5
 Summon Forest            Summ/Tloc      33%        N/A       12%         5
 Summon Mana Viper        Hex/Summ       67%        N/A       12%         5
 Blink                    Tloc           58%        N/A       16%         2
 Olgreb's Toxic Radiance  Pois           29%        N/A       24%         4
 Gell's Gravitas          Tloc           29%        N/A       30%         3
 Lesser Beckoning         Tloc           29%        N/A       30%         3
 Portal Projectile        Hex/Tloc       58%        N/A       30%         3
 Teleport Other           Tloc           29%        N/A       30%         3
 Tukima's Dance           Hex            29%        N/A       30%         3
 Corpse Rot               Necr/Pois/Air  35%        N/A       56%         4
 Anguish                  Hex/Necr       14%        N/A       69%         4
 Dispel Undead            Necr           29%        3d13      69%         4
 Silence                  Hex/Air        19%        N/A       83%         5
 Agony                    Necr           29%        N/A       95%         5
 Manifold Assault         Tloc           29%        N/A       95%         5
 Conjure Ball Lightning   Conj/Air       38%        3x3d12    5%          6
 Monstrous Menagerie      Summ           45%        N/A       16%         7
 Summon Hydra             Summ           45%        N/A       16%         7
 Simulacrum               Ice/Necr       45%        N/A       38%         6
 Haunt                    Necr/Summ      33%        N/A       98%         7
 Malign Gateway           Summ/Tloc      33%        N/A       98%         7
 Death Channel            Necr           14%        N/A       100%        6
 Dispersal                Tloc           14%        N/A       100%        6
 Discord                  Hex            14%        N/A       100%        8
 Disjunction              Tloc           14%        N/A       100%        8
 Ignition                 Fire           14%        3d6       100%        8
 Sublimation of Blood     Necr           Unusable   N/A       N/A         2

Dungeon Overview and Level Annotations

Branches:
Dungeon (15/15)            Temple (0/1) D:7            Lair (5/5) D:8
 Shoals (4/4) Lair:2        Snake (4/4) Lair:3        Slime (5/5) Lair:5
    Orc (2/2) D:12            Elf (3/3) Orc:2        Vaults (4/5) D:14
  Crypt (0/3) Vaults:3     Depths (4/4) D:15            Zot (5/5) Depths:4

Altars:
Ashenzari
Cheibriados
Dithmenos
Elyvilon
Hepliaklqana
Kikubaaqudgha
Makhleb
Ru
Sif Muna
Uskayaw
Vehumet
Wu Jian
Xom
Zin
The Shining One
Jiyva
Lugonu

Shops:
D:3 !   D:7 (**   D:12 (([*   Orc:1 *   Orc:2 [[!=   Elf:3 *   Shoals:3 !
Shoals:4 [   Snake:4 (   Vaults:1 ?   Vaults:2 ((?(   Depths:1 *!(
Depths:2 !((   Depths:4 (

Portals:
Hell: Depths:1 Depths:2 Depths:4
Abyss: Lair:5 Depths:2 Depths:3 Depths:4
Pandemonium: Depths:2
Ziggurat: Depths:3

Annotations:
D:6 1 runed translucent door, Crazy Yiuf
Lair:4 exclusion: ice statue
Shoals:2 Jorgrun
Shoals:3 2 transporters, exclusion: orange crystal statue
Shoals:4 Louise
Slime:5 Royal Jelly
Orc:2 exclusions: oklob plant and upstairs
Depths:4 3 runed translucent doors, exclusion: upstairs, Gemnonof's ghost, adept DgCj
Zot:2 2 transporters
Zot:3 exclusion: 2 downstairs


Innate Abilities, Weirdness & Mutations

You are immune to sickness and miasma.
Your stone body is resilient. (AC +20)
You are immune to poison.
Your large and strong wings let you fly.
You resist negative energy. (rN+)
You are resistant to electric shocks. (rElec)
You are resistant to unholy torment.
You are immune to petrification.
You do not regenerate when monsters are visible.


Message History

There is a stone staircase leading up here.
Your cactus giant disappears in a puff of smoke!
You fly upwards.
There is a stone staircase leading down here.
A hellion comes into view.
Casting: Iron Shot (mildly dangerous; 1% risk of failure)
Confirm with . or Enter, or press ? or * to list all spells.
There is an open door here.
Aiming: Iron Shot (mildly dangerous; 1% risk of failure)
Press: ? - help, Q - select action, (/) - cycle Shift-Dir - straight line, f - hellion
Aim: a hellion (ally target, 78% to hit)
The iron shot hits the hellion!!!
You kill the hellion!
Vehumet accepts your kill.
You feel your power returning.
There is a stone staircase leading up here.
You fly upwards.
Your summoned ally is left behind.
There is a stone staircase leading down here.
A sixfirhy comes into view.
Casting: Iron Shot (mildly dangerous; 1% risk of failure)
Confirm with . or Enter, or press ? or * to list all spells.
The sixfirhy attacks as you move away! You block the sixfirhy's attack.
Aiming: Iron Shot (mildly dangerous; 1% risk of failure)
Press: ? - help, Q - select action, (/) - cycle Shift-Dir - straight line, f - sixfirhy
Aim: a sixfirhy (ally target, 50% to hit)
The iron shot misses the sixfirhy.
Your cactus giant hits the sixfirhy with a +0 giant spiked club!!
Aiming: Iron Shot (mildly dangerous; 1% risk of failure)
Press: ? - help, Q - select action, (/) - cycle Shift-Dir - straight line, f/p - sixfirhy
Aim: a sixfirhy (severely wounded, not watching you, ally target, 50% to hit)
The iron shot hits the sixfirhy!!!
You kill the sixfirhy!
Vehumet accepts your kill.
You feel your power returning.
Casting: Iron Shot (mildly dangerous; 1% risk of failure)
Confirm with . or Enter, or press ? or * to list all spells.
You summon a servant imbued with your destructive magic!
Your cactus giant disappears in a puff of smoke!
There is a staircase leading out of the dungeon here.
You have escaped!

########
#..)...###
#########.###....#
#....)......#+##.#
#...........#.##.#
#...#..#○.#.#'##).
#.......○≈..'.....
#@......○.8.####..
#.9.....○≈..'.....
#...#..#°.#.#)##..
#...)..°....#.##..
#...........#†#..#
#########.###...##
#.# ##..#
########.# ##)#
#........####..#


You could see a friendly spellforged servitor (summoned).

Vanquished Creatures
  Dissolution (Slime:4)
  An orb of fire (Zot:1)
  An ancient lich (Zot:5)
  3 dread liches (Zot:5)
  3 Killer Klowns
  5 golden dragons
  4 curse toes
  A bone dragon (Zot:1)
  the Enchantress (Depths:2)
  2 electric golems
  Zenata (Vaults:1)
  Rupert (Snake:1)
  A lich (D:10)
  9 tentacled monstrosities
  6 quicksilver dragons
  2 deep elf master archers (Elf:3)
  2 deep elf blademasters
  9 Orb Guardians
  A Hell Sentinel (Zot:5)
  Asterion (Vaults:1)
  2 Executioners
  Polyphemus (Shoals:2)
  13 acid blobs
  6 death cobs
  2 storm dragons (Zot:4)
  5 tengu reavers
  Kirke (Snake:1)
  2 draconian monks (Zot:2)
  4 shadow dragons
  8 rockslimes
  4 draconian knights
  11 azure jellies
  7 vault wardens
  6 nagarajas (Snake:4)
  3 orc warlords
  3 draconian stormcallers
  3 ghost moths
  3 frost giants
  5 deep elf sorcerers
  A juggernaut zombie (Depths:1)
  3 draconian scorchers
  A quicksilver ooze (shapeshifter) (Vaults:3)
  4 deep elf elementalists
  2 spriggan defenders (Depths:2)
  A reaper (D:10)
  5 very ugly things
  4 stone giants
  2 war gargoyles
  4 draconian annihilators
  8 quicksilver oozes (Slime:5)
  6 ironbound thunderhulks
  3 green draconians
  4 vampire knights
  6 deep elf demonologists (Elf:3)
  8 ironbound preservers
  The ghost of fleeber the Fencer, a journeyman MfGl of Qazlal (Lair:2)
  Azrael (Snake:1)
  5 black draconians
  8 red draconians
  5 entropy weavers
  5 purple draconians
  A lorocyproca (D:13)
  9 dire elephants
  A bunyip (shapeshifter) (Depths:3)
  6 yellow draconians
  3 deep elf annihilators
  7 white draconians
  3 spark wasps (Depths:4)
  4 ettins
  Snorg (D:11)
  2 crystal guardians (Vaults:3)
  5 deep elf death magi
  A jiangshi (Depths:3)
  6 fire dragons
  10 merfolk impalers (Shoals:4)
  9 great orbs of eyes
  3 deep elf high priests
  4 ice dragons
  10 yaktaur captains
  A rakshasa (Depths:3)
  4 peacekeepers
  4 boulder beetles
  7 hydras
  A salamander tyrant (Snake:4)
  2 vault guards (Vaults:3)
  A death knight (D:14)
  A spriggan air mage (Depths:4)
  A catoblepas (Shoals:2)
  4 ghost crabs (D:10)
  2 ogre magi (D:15)
  18 anacondas
  10 ironbound frosthearts
  A satyr (shapeshifter) (Lair:5)
  2 merfolk avatars
  22 dancing weapons
  8 centaur warriors
  2 alligator snapping turtles (Shoals:3)
  11 two-headed ogres
  A satyr (Shoals:3)
  2 merfolk aquamancers
  14 naga warriors
  7 deep troll shamans
  2 death yaks (Shoals:2)
  2 vampire magi
  11 deep troll earth magi
  11 naga sharpshooters
  A hell hog (D:9)
  3 orc high priests
  3 thrashing horrors (Lair:5)
  A tengu warrior (Depths:2)
  A shock serpent (shapeshifter) (Elf:2)
  A shock serpent (Snake:4)
  3 spriggan berserkers
  A soul eater (Depths:1)
  6 hell knights (Depths:4)
  15 deep elf knights
  4 fire crabs (D:10)
  2 salamander mystics (Snake:4)
  18 skeletal warriors
  5 iron trolls
  6 nameless horrors
  2 sixfirhies
  37 deep trolls
  14 wizards
  2 flayed ghosts
  2 phantasmal warriors (Depths:3)
  7 sea snakes
  12 ironbound convokers
  7 naga ritualists
  A mana viper (shapeshifter) (Elf:2)
  14 deep elf archers
  7 lindwurms
  Pikel (D:4)
  2 spriggan simulacra
  34 deep elf pyromancers
  2 necromancers
  34 deep elf zephyrmancers
  A tengu skeleton (Vaults:1)
  5 manticores
  19 orc knights
  7 mana vipers
  29 ugly things
  A shining eye (Slime:5)
  A wolf spider (D:15)
  7 fauns (Shoals:3)
  A frost giant zombie (Depths:1)
  9 cyclopes
  8 orc sorcerers
  6 guardian serpents (Snake:4)
  17 vault sentinels
  An apocalypse crab (D:10)
  11 elephants
  10 salamanders
  32 black mambas
  10 naga magi
  26 moths of wrath
  3 water nymphs
  6 merfolk sirens
  2 eyes of devastation
  A guardian serpent (shapeshifter) (D:14)
  2 fire giant skeletons (Depths:2)
  6 cane toads
  A gargoyle (D:13)
  2 rime drakes (Lair:1)
  A hellion (D:2)
  2 unseen horrors
  8 komodo dragons
  22 yaktaurs
  2 tengu conjurers
  4 kobold demonologists
  2 ancient zymes (Lair:5)
  7 trolls
  2 hornets (Depths:1)
  23 merfolk
  5 polar bears
  Prince Ribbit (D:6)
  2 wind drakes (Shoals:4)
  24 blink frogs
  A blink frog (shapeshifter) (D:15)
  58 slime creatures
  7 saltlings
  3 snapping turtles
  A queen bee (Lair:2)
  A tyrant leech (Lair:2)
  17 dream sheep
  An air elemental (Elf:1)
  2 vampires
  2 spriggans
  10 water elementals
  7 fire elementals
  2 humans (shapeshifter) (D:14)
  22 yaks
  2 dire elephant simulacra (Snake:3)
  10 basilisks
  A hog (shapeshifter) (D:15)
  6 wyverns
  2 hogs (Snake:1)
  4 steam dragons
  A minotaur simulacrum (Snake:3)
  4 chaos spawn (Lair:5)
  3 vampire mosquitoes (D:13)
  A swamp worm (Lair:2)
  8 wargs
  3 large abominations (Lair:5)
  Edmund (D:6)
  23 nagas
  An acid dragon (D:7)
  14 water moccasins
  3 hell hounds (Snake:1)
  3 sky beasts
  6 ice beasts
  A black bear (D:7)
  27 orc warriors
  An ettin simulacrum (Vaults:1)
  13 wolves
  25 centaurs
  13 ogres
  4 lemures
  2 phantoms
  10 small abominations (Lair:5)
  An elf simulacrum (Vaults:1)
  5 kobold brigands
  Blork the orc (D:4)
  6 bullfrogs
  2 deep troll simulacra (Snake:3)
  3 scorpions
  A necrophage (D:6)
  An earth elemental (Elf:3)
  13 wights (D:8)
  13 killer bees
  2 lindwurm simulacra (Snake:3)
  3 howler monkeys
  6 electric eels
  A bullfrog zombie (D:4)
  6 hounds
  13 orc priests
  2 gnoll boudas
  A scorpion zombie (D:4)
  Ijyb (D:4)
  Natasha (thrice) (D:5)
  3 iguanas
  14 orc wizards
  A hound skeleton (D:4)
  A hound zombie (D:4)
  12 adders
  7 gnolls
  3 white imps
  2 ufetubi
  2 adder zombies (D:4)
  An adder skeleton (D:4)
  4 dart slugs
  2 worms (D:3)
  52 orcs
  6 ball pythons
  9 bats
  11 endoplasms
  4 giant cockroaches
  13 goblins
  7 hobgoblins
  3 quokkas (D:1)
  7 frilled lizards
  15 kobolds
  6 rats
  2 bushes (Elf:3)
  8 pillars of salt
1650 creatures vanquished.

Vanquished Creatures (collateral kills)
  A dread lich (Zot:5)
  3 orbs of fire (Zot:5)
  An ancient lich (Zot:5)
  Tiamat (Zot:2)
  Mara (Elf:3)
  Sojobo (Vaults:3)
  Josephina (Depths:2)
  Frederick (Depths:4)
  A Killer Klown (Zot:5)
  A bone dragon (Depths:4)
  An electric golem (Zot:5)
  15 Orb Guardians (Zot:5)
  3 tentacled monstrosities
  A deep elf blademaster (Elf:3)
  A walking divine tome (Depths:4)
  6 acid blobs (Slime:5)
  2 quicksilver dragons
  3 sphinxes
  2 death cobs (Zot:3)
  2 storm dragons
  A shadow dragon (Zot:4)
  2 draconian monks
  3 azure jellies
  3 rockslimes (Slime:5)
  A frost giant (Depths:3)
  A draconian knight (Zot:5)
  A balrug (Depths:3)
  A cacodemon (D:10)
  3 deep elf sorcerers (Elf:3)
  4 vault wardens
  2 deep elf elementalists (Elf:3)
  2 draconian stormcallers
  A draconian annihilator (Zot:3)
  A very ugly thing (Vaults:3)
  4 ironbound preservers
  2 spriggan defenders (Depths:2)
  A reaper (D:15)
  A war gargoyle (Vaults:4)
  2 quicksilver oozes
  A vampire knight (Depths:4)
  3 ironbound thunderhulks
  2 stone giants
  A deep elf demonologist (Vaults:4)
  4 green draconians
  2 red draconians
  4 black draconians
  A dire elephant (Vaults:4)
  A deep elf annihilator (Elf:3)
  3 purple draconians
  4 white draconians
  4 yellow draconians
  3 deep elf death magi (Elf:3)
  3 deep elf high priests
  A jiangshi (Depths:3)
  A fire dragon (Depths:4)
  4 great orbs of eyes
  2 vault guards
  A centaur warrior (Vaults:3)
  3 ironbound frosthearts
  A two-headed ogre (Orc:2)
  10 dancing weapons
  A tengu warrior (Depths:4)
  5 deep troll shamans
  2 hell hogs (D:9)
  7 deep troll earth magi
  3 spriggan berserkers
  2 spriggans (Depths:1)
  3 deep elf knights
  8 iron trolls
  2 sixfirhies (Depths:3)
  26 deep trolls
  2 sea snakes (Snake:1)
  A deep troll (shapeshifter) (Elf:3)
  4 deep elf archers
  A flayed ghost (Depths:1)
  2 wizards
  3 ironbound convokers
  A lindwurm (Vaults:1)
  7 deep elf zephyrmancers
  2 necromancers
  6 deep elf pyromancers
  18 ugly things
  A mana viper (Snake:2)
  A sphinx skeleton (Depths:2)
  8 moths of wrath
  A frost giant skeleton (Depths:2)
  A smoke demon (Depths:3)
  2 vault sentinels (Vaults:4)
  2 eyes of devastation
  An ice devil (Depths:3)
  5 yaktaurs (Vaults:4)
  A golden dragon simulacrum (Depths:1)
  A hellwing (D:10)
  A tengu conjurer (Depths:4)
  A tormentor (Depths:3)
  2 hornets
  A tengu simulacrum (Depths:2)
  3 dream sheep (Lair:3)
  An iron dragon simulacrum (Depths:2)
  20 slime creatures
  A wraith (Vaults:3)
  3 ynoxinuls
  A water elemental (Elf:1)
  3 yaks
  2 hogs (Snake:1)
  A fire elemental (Elf:1)
  A hell hound (Snake:1)
  A wolf (Lair:3)
  A centaur (D:6)
  A nameless horror (Zot:5)
  A glowing shapeshifter simulacrum (Depths:2)
  A human zombie (Vaults:1)
  An earth elemental (Elf:1)
  2 killer bees (Lair:2)
  2 gnolls (Orc:2)
  An orc (Orc:1)
325 creatures vanquished.

Vanquished Creatures (others)
  2 draconian annihilators
  A quicksilver dragon simulacrum (Depths:2)
  3 humans (Snake:1)
  An orc priest (Orc:2)
  A ball lightning (D:7)
  22 fungi
  12 pillars of salt
  191 plants
  7 withered plants (D:4)
240 creatures vanquished.

Grand Total: 2215 creatures vanquished

Notes
Turn   | Place    | Note
-------+----------+-------------------------------------------
     0 | D:1      | roguespy the Gargoyle Earth Elementalist began the quest
                  | for the Orb.
     0 | D:1      | Reached XP level 1. HP: 10/10 MP: 3/3
   277 | D:1      | Reached XP level 2. HP: 15/15 MP: 3/5
   337 | D:1      | Reached skill level 1 in Transmutations
   795 | D:1      | Reached XP level 3. HP: 20/20 MP: 4/6
  1281 | D:1      | Learned a level 3 spell: Stone Arrow
  1749 | D:2      | Reached skill level 1 in Conjurations
  1749 | D:2      | Reached XP level 4. HP: 24/24 MP: 4/7
  2703 | D:3      | Reached XP level 5. HP: 28/28 MP: 7/9
  2856 | D:3      | Found a faded altar of an unknown god.
  3199 | D:3      | Reached skill level 3 in Spellcasting
  3327 | D:3      | Found Waucles's Distillery.
  3708 | D:4      | Reached skill level 5 in Earth Magic
  3718 | D:4      | Reached XP level 6. HP: 3/33 MP: 2/11
  4063 | D:4      | Found a shadowy altar of Dithmenos.
  4215 | D:4      | Noticed Pikel
  4226 | D:5      | Entered Level 5 of the Dungeon
  4410 | D:5      | Reached XP level 7. HP: 19/37 MP: 5/12
  4643 | D:4      | Noticed Natasha
  4648 | D:5      | Killed Natasha
  4658 | D:5      | Noticed Natasha
  4664 | D:5      | Killed Natasha
  4665 | D:5      | Reached skill level 1 in Fighting
  4810 | D:4      | Noticed Ijyb
  4813 | D:4      | Killed Ijyb
  4814 | D:4      | Reached skill level 4 in Spellcasting
  4891 | D:4      | Reached skill level 1 in Maces & Flails
  5906 | D:4      | Noticed Blork the orc
  6194 | D:4      | Found a burning altar of Makhleb.
  6211 | D:4      | Found a snail-covered altar of Cheibriados.
  6211 | D:4      | Found a shimmering altar of Xom.
  6211 | D:4      | Found a broken altar of Ashenzari.
  6212 | D:4      | Found a glowing golden altar of the Shining One.
  6287 | D:4      | Killed Blork the orc
  6412 | D:5      | Identified the +0 cloak of Xom's Esteem {Regen+ Str+3}
  6559 | D:5      | Reached XP level 8. HP: 45/45 MP: 6/14
  6684 | D:5      | Noticed Natasha
  6687 | D:5      | Killed Natasha
  6801 | D:5      | Reached skill level 5 in Conjurations
  6902 | D:5      | Found a radiant altar of Vehumet.
  6908 | D:5      | Became a worshipper of Vehumet
  7160 | D:6      | Found a runed translucent door.
  7161 | D:6      | Noticed Crazy Yiuf
  7325 | D:6      | Noticed Prince Ribbit
  7446 | D:6      | Learned a level 2 spell: Passwall
  7668 | D:6      | Found a white marble altar of Elyvilon.
  7668 | D:6      | Found a glowing silver altar of Zin.
  7669 | D:6      | Found a sacrificial altar of Ru.
  7732 | D:6      | Reached skill level 5 in Spellcasting
  7879 | D:6      | Identified the ring of Ylotsuf {rPois Int+3}
  8052 | D:6      | Identified the +5 dagger of Sharkskin {drain, Dex+3}
  8078 | D:6      | Noticed Edmund
  8113 | D:6      | Reached XP level 9. HP: 52/52 MP: 12/17
  8298 | D:6      | Killed Edmund
  8657 | D:7      | Reached skill level 5 in Fighting
  8967 | D:7      | Noticed a deep elf pyromancer
  8973 | D:7      | Killed a deep elf pyromancer
  8974 | D:7      | Reached skill level 6 in Spellcasting
  8976 | D:7      | Reached * piety under Vehumet
  8976 | D:7      | Offered knowledge of Foxfire by Vehumet.
  9308 | D:7      | Reached XP level 10. HP: 60/60 MP: 12/19
  9385 | D:7      | Found a staircase to the Ecumenical Temple.
  9503 | D:7      | Found the amulet of Elemental Vulnerability {rPois rF--
                  | rC-- AC+8}
  9504 | D:7      | Found Cysesile's Specific Store.
  9519 | D:7      | Found Wusepu's General Store.
 10053 | D:7      | Found Qitajut's Weapon Shop.
 10125 | D:7      | Noticed a cyclops
 10362 | D:7      | Identified the +4 mace of the Median {protect, Will+ MP+9
                  | SInv}
 11087 | D:8      | Found a staircase to the Lair.
 11097 | Lair:1   | Entered Level 1 of the Lair of Beasts
 11100 | Lair:1   | Noticed a cane toad
 11103 | Lair:1   | Noticed a black mamba
 12104 | D:8      | Killed a cane toad
 12105 | D:8      | Reached skill level 5 in Maces & Flails
 12132 | Lair:1   | Killed a black mamba
 12238 | Lair:1   | Noticed an elephant
 12239 | Lair:1   | Noticed an elephant
 12240 | Lair:1   | Noticed an elephant
 12240 | Lair:1   | Noticed an elephant
 12240 | Lair:1   | Noticed an elephant
 12268 | D:8      | Killed an elephant
 12586 | D:9      | Noticed a kobold demonologist
 12692 | D:8      | Killed an elephant
 12693 | D:8      | Reached XP level 11. HP: 62/66 MP: 21/21
 12876 | Lair:1   | Reached ** piety under Vehumet
 12876 | Lair:1   | Offered knowledge of Static Discharge by Vehumet.
 12901 | Lair:1   | Reached skill level 7 in Spellcasting
 13095 | Lair:1   | Noticed an ice dragon
 13330 | Lair:1   | Reached skill level 10 in Earth Magic
 14090 | Lair:2   | Noticed a six-headed hydra
 14218 | D:9      | Offered knowledge of Conjure Flame by Vehumet.
 14555 | D:9      | Reached XP level 12. HP: 70/73 MP: 23/23
 14769 | D:9      | Found an ornate altar of the Wu Jian Council.
 14775 | D:9      | Found a hazy altar of Hepliaklqana.
 14954 | D:9      | Learned a level 7 spell: Ozocubu's Refrigeration
 14958 | D:9      | Learned a level 3 spell: Ozocubu's Armour
 15132 | D:10     | Entered Level 10 of the Dungeon
 15183 | D:10     | Reached skill level 1 in Ice Magic
 15197 | D:10     | Found an ancient bone altar of Kikubaaqudgha.
 15389 | D:10     | Found a runed translucent door.
 15963 | D:11     | Noticed a two-headed ogre
 16060 | D:11     | Noticed a five-headed hydra
 16313 | Lair:2   | Reached *** piety under Vehumet
 16340 | Lair:2   | Noticed a five-headed hydra
 16347 | Lair:2   | Killed a five-headed hydra
 16348 | Lair:2   | Reached skill level 5 in Ice Magic
 16423 | Lair:2   | Found a staircase to the Shoals.
 16503 | Lair:2   | Noticed an eight-headed hydra
 16508 | Lair:2   | Killed an eight-headed hydra
 16673 | Lair:2   | Noticed fleeber's ghost (journeyman MfGl)
 16744 | Lair:2   | Offered knowledge of Dazzling Flash by Vehumet.
 16908 | Lair:2   | Found a transporter.
 16912 | Lair:2   | Found a transporter.
 17265 | Lair:3   | Found a hide-covered altar of Uskayaw.
 17265 | Lair:3   | Noticed a boulder beetle
 18156 | Lair:4   | Reached XP level 13. HP: 78/78 MP: 24/24
 18229 | Lair:4   | Reached skill level 10 in Ice Magic
 18238 | Lair:4   | Reached **** piety under Vehumet
 18341 | Lair:4   | Noticed an ice dragon
 18360 | Lair:5   | Entered Level 5 of the Lair of Beasts
 18383 | Lair:5   | Found a viscous altar of Jiyva.
 18383 | Lair:5   | Found a staircase to the Slime Pits.
 18599 | Lair:5   | Offered knowledge of Freezing Cloud by Vehumet.
 19007 | Lair:5   | Identified the +2 hat "Xaroum" {Dex+2}
 19577 | Lair:5   | Reached ***** piety under Vehumet
 19674 | Lair:5   | Offered knowledge of Starburst by Vehumet.
 19695 | Lair:5   | Learned a level 3 spell: Mephitic Cloud
 19763 | Lair:5   | Learned a level 4 spell: Summon Ice Beast
 19822 | Lair:5   | Reached skill level 8 in Spellcasting
 19964 | Lair:3   | Found a staircase to the Snake Pit.
 20597 | D:6      | Killed Prince Ribbit
 20865 | D:4      | Killed Pikel
 20866 | D:4      | Reached skill level 1 in Summonings
 21359 | D:11     | Noticed Snorg
 21796 | D:12     | Reached skill level 1 in Air Magic
 21853 | D:12     | Found a staircase to the Orcish Mines.
 22149 | D:12     | Found Jeur's Weapon Boutique.
 22149 | D:12     | Found Zeoder's Assorted Antiques.
 22151 | D:12     | Found Alesch's Armour Boutique.
 22159 | D:12     | Found Qisiyr's Antique Weapon Boutique.
 22173 | D:12     | Bought a +2 pair of gloves for 231 gold pieces
 22462 | Orc:1    | Entered Level 1 of the Orcish Mines
 22624 | D:13     | Gained mutation: Your large and strong wings let you fly.
                  | [Gargoyle growth]
 22624 | D:13     | Reached XP level 14. HP: 86/86 MP: 26/26
 22685 | D:13     | You are sucked into a shaft and drop 1 floor!
 23068 | D:11     | Killed Snorg
 23195 | D:10     | Learned a level 3 spell: Swiftness
 23528 | Lair:3   | Found an ornate altar of the Wu Jian Council.
 23672 | Lair:3   | Offered knowledge of Irradiate by Vehumet.
 23974 | Lair:3   | Learned a level 5 spell: Irradiate
 24148 | Snake:1  | Entered Level 1 of the Snake Pit
 24154 | Snake:1  | Reached skill level 9 in Spellcasting
 24161 | Snake:1  | Noticed Kirke
 24171 | Snake:1  | Killed Kirke
 24294 | Lair:3   | Reached skill level 1 in Unarmed Combat
 24412 | Snake:1  | Upgraded the game from 0.29.1-14-g9c671dbff4 to
                  | 0.29.1-15-g9cfb28693d
 24754 | Snake:1  | Noticed Rupert
 25168 | Orc:1    | Found Zurev's Gadget Gallery.
 25248 | D:12     | Bought a +0 buckler for 63 gold pieces
 25453 | Orc:2    | Entered Level 2 of the Orcish Mines
 25453 | Orc:2    | Found a staircase to the Elven Halls.
 25530 | Orc:2    | Reached skill level 1 in Armour
 25571 | Orc:1    | Noticed an orc warlord
 25907 | D:13     | Reached skill level 10 in Fighting
 26903 | D:14     | Got Ebromah's Teachings on the Rank Gathering
 27229 | Orc:1    | Reached XP level 15. HP: 92/92 MP: 28/28
 27367 | Orc:2    | Found Kiporho's Jewellery Shoppe.
 27842 | Orc:2    | Reached skill level 10 in Conjurations
 28054 | Orc:2    | Found Jicehua's Armour Boutique.
 28056 | Orc:2    | Found Zoidipiff's Armour Boutique.
 28803 | Snake:1  | Learned a level 2 spell: Ensorcelled Hibernation
 28812 | Snake:1  | Killed Rupert
 29381 | Snake:1  | Reached skill level 5 in Dodging
 29490 | Snake:1  | Noticed Azrael
 29609 | Snake:1  | Killed Azrael
 30101 | Snake:2  | Reached skill level 1 in Shields
 30420 | Snake:2  | Found a glowing golden altar of the Shining One.
 30867 | Lair:4   | Reached skill level 10 in Maces & Flails
 31129 | Lair:4   | Reached skill level 10 in Spellcasting
 32038 | Lair:5   | Found a corrupted altar of Lugonu.
 32038 | Lair:5   | Found a one-way gate to the infinite horrors of the Abyss.
 33421 | Orc:1    | Offered knowledge of Eringya's Noxious Bog by Vehumet.
 33548 | Orc:2    | Paralysed by an orc sorcerer for 2 turns
 34101 | Orc:2    | Found Sokhlipra's Distillery.
 34390 | Orc:1    | Noticed an orc warlord
 34419 | Orc:1    | Reached XP level 16. HP: 100/100 MP: 30/30
 35295 | Snake:3  | Reached skill level 5 in Armour
 36099 | Snake:3  | Learned a level 2 spell: Call Imp
 36901 | Snake:4  | Entered Level 4 of the Snake Pit
 37014 | Snake:4  | Learned a level 1 spell: Summon Small Mammal
 37125 | Snake:4  | Found Porph's Antique Weapon Boutique.
 37152 | Snake:4  | Reached skill level 5 in Transmutations
 37949 | Snake:4  | Found a shimmering blue altar of Sif Muna.
 37950 | Snake:4  | Noticed a nagaraja
 37954 | Snake:4  | Killed a nagaraja
 40056 | Snake:4  | Noticed a nagaraja
 40178 | Snake:4  | Killed a nagaraja
 40683 | Snake:4  | Reached ****** piety under Vehumet
 40749 | Snake:4  | Noticed a nagaraja
 40761 | Snake:4  | Killed a nagaraja
 40762 | Snake:4  | Reached XP level 17. HP: 106/106 MP: 21/31
 40932 | Snake:4  | Offered knowledge of Iron Shot by Vehumet.
 40998 | Snake:4  | Reached skill level 5 in Shields
 41525 | Snake:4  | Learned a level 6 spell: Iron Shot
 42512 | Snake:4  | Reached skill level 11 in Spellcasting
 42943 | Snake:4  | Got a serpentine rune of Zot
 43417 | Shoals:1 | Entered Level 1 of the Shoals
 43853 | Shoals:1 | Identified the +0 chain mail of Zeploham {Drain Str+4
                  | Dex+9}
 44660 | Shoals:2 | Noticed Polyphemus
 45226 | Shoals:2 | Killed Polyphemus
 45367 | Shoals:2 | Noticed Jorgrun
 45759 | Shoals:3 | Found a transporter.
 45774 | Shoals:3 | Found the +3 pair of seven-league boots {Rampage+∞}
 45775 | Shoals:3 | Found a transporter.
 46047 | Shoals:3 | Found Efyeqoef's Distillery.
 46056 | Shoals:3 | Bought a potion of cancellation for 160 gold pieces
 46056 | Shoals:3 | Bought a potion of haste for 200 gold pieces
 46274 | Shoals:3 | Identified the +5 glaive of Wyen {elec, rPois}
 46489 | Shoals:4 | Entered Level 4 of the Shoals
 46769 | Shoals:4 | Found Roag Ytu's Antique Armour Emporium.
 48061 | Shoals:4 | Offered knowledge of Lightning Bolt by Vehumet.
 48471 | Shoals:4 | Got a barnacled rune of Zot
 48488 | Shoals:4 | Reached XP level 18. HP: 112/112 MP: 30/33
 48575 | Shoals:4 | Noticed Louise
 51134 | D:15     | Entered Level 15 of the Dungeon
 51593 | D:15     | Found a staircase to the Depths.
 53098 | D:12     | Bought a fine scale mail for 234 gold pieces
 53098 | D:12     | Identified the +1 scale mail of the Unbroken {MP+9} (You
                  | bought it in a shop on level 12 of the Dungeon)
 53098 | D:12     | Bought a potion of heal wounds for 130 gold pieces
 53098 | D:12     | Bought a scroll of amnesia for 104 gold pieces
 53104 | D:12     | Bought an ebony hand axe for 208 gold pieces
 53104 | D:12     | Identified the +2 hand axe of the Wolf {pain, Int+5} (You
                  | bought it in a shop on level 12 of the Dungeon)
 54251 | Elf:1    | Entered Level 1 of the Elven Halls
 54267 | Elf:1    | Offered knowledge of Spellforged Servitor by Vehumet.
 54714 | Elf:1    | Learned a level 7 spell: Spellforged Servitor
 55752 | D:14     | Found a gate to the Vaults.
 55850 | Vaults:1 | Entered Level 1 of the Vaults
 56019 | Vaults:1 | Noticed Zenata
 56217 | Vaults:1 | Killed Zenata
 56218 | Vaults:1 | Reached skill level 12 in Spellcasting
 56227 | Vaults:1 | Reached skill level 5 in Summonings
 58124 | Vaults:1 | Reached XP level 19. HP: 54/118 MP: 24/35
 59072 | Vaults:1 | Noticed Asterion
 59082 | Vaults:1 | Killed Asterion
 59354 | Vaults:1 | Offered knowledge of Orb of Destruction by Vehumet.
 60123 | Vaults:1 | Found Isawa's Magic Scroll Shoppe.
 60129 | Vaults:1 | Bought a scroll of enchant armour for 120 gold pieces
 60129 | Vaults:1 | Bought a scroll of fear for 64 gold pieces
 60804 | Vaults:2 | Noticed a golden dragon
 61197 | Vaults:2 | Found Lukos's Weapon Boutique.
 61372 | Vaults:2 | Found a crumbling gateway.
 62054 | Vaults:2 | Reached skill level 13 in Spellcasting
 62196 | Vaults:2 | Found Apnuf's Weapon Shoppe.
 62728 | Orc:2    | Bought the ring "Sut Ciz" {*Slow Will+ Int+3 Stlth+} for
                  | 426 gold pieces
 63004 | Lair:2   | Killed fleeber's ghost
 63881 | Vaults:2 | Reached skill level 15 in Ice Magic
 64125 | Vaults:2 | Found Qelafan's Weapon Boutique.
 64126 | Vaults:2 | Found Bidyreff's Magic Scroll Shop.
 64141 | Vaults:2 | Bought a scroll of teleportation for 42 gold pieces
 64141 | Vaults:2 | Bought a scroll of teleportation for 42 gold pieces
 64141 | Vaults:2 | Bought a scroll of fog for 56 gold pieces
 64146 | Vaults:2 | Bought a +0 demon whip of electrocution for 513 gold pieces
 65872 | Vaults:3 | Noticed Sojobo
 65892 | Vaults:3 | Paralysed by an air elemental for 1 turns
 65908 | Vaults:3 | Paralysed by an air elemental for 1 turns
 66061 | Vaults:3 | Offered knowledge of Lehudib's Crystal Spear by Vehumet.
 66061 | Vaults:3 | Offered knowledge of Shatter by Vehumet.
 66061 | Vaults:3 | Offered knowledge of Polar Vortex by Vehumet.
 66260 | Vaults:3 | Reached XP level 20. HP: 124/124 MP: 37/37
 67399 | Vaults:3 | Found a staircase to the Crypt.
 67408 | Vaults:3 | Paralysed by an air elemental for 1 turns
 67412 | Vaults:3 | Killed Sojobo
 68100 | Vaults:3 | Learned a level 8 spell: Lehudib's Crystal Spear
 69051 | Vaults:4 | Reached skill level 15 in Conjurations
 70140 | Vaults:4 | Reached skill level 14 in Spellcasting
 70456 | Vaults:4 | Reached skill level 15 in Earth Magic
 71403 | Elf:1    | Reached XP level 21. HP: 130/130 MP: 39/39
 72173 | Elf:1    | Got the Volume of Rallying
 72713 | Elf:1    | You are sucked into a shaft and drop 1 floor!
 73514 | Elf:2    | Reached skill level 10 in Summonings
 74774 | Elf:2    | Found a runed translucent gate.
 74774 | Elf:2    | Found a runed translucent gate.
 74774 | Elf:2    | Found a runed translucent gate.
 74881 | Elf:3    | Entered Level 3 of the Elven Halls
 74881 | Elf:3    | Found an ancient bone altar of Kikubaaqudgha.
 75127 | Elf:3    | Noticed Mara
 75140 | Elf:3    | Killed Mara
 75587 | Elf:3    | Identified the +11 rapier of Absolution {drain, rPois
                  | Int+2}
 75965 | Elf:3    | Found Iluagog's Assorted Antiques.
 75970 | Elf:3    | Bought a dazzling whip for 225 gold pieces
 75970 | Elf:3    | Identified the +5 whip of Penag {vorpal, rCorr} (You bought
                  | it in a shop on level 3 of the Elven Halls)
 77059 | Elf:3    | Reached skill level 15 in Spellcasting
 77499 | Elf:3    | Identified the +5 falchion "Huizybb" {freeze, +Blink rElec
                  | rCorr Str-4}
 77765 | Elf:3    | Identified the +2 ring mail "Anurodykk" {Drain rN+ Dex+2}
 77773 | Elf:3    | Reached XP level 22. HP: 124/136 MP: 21/41
 78160 | Elf:3    | Identified the amulet of Vofimoan {Faith rN+}
 78368 | Elf:3    | Got Diryluno's Discourse on Accomplices
 79092 | Elf:3    | Found a corrupted altar of Lugonu.
 79769 | Depths:1 | Entered Level 1 of the Depths
 81175 | Vaults:1 | Bought a scroll of fear for 64 gold pieces
 81175 | Vaults:1 | Bought a scroll of fear for 64 gold pieces
 81175 | Vaults:1 | Bought a scroll of fear for 64 gold pieces
 82196 | Depths:1 | Found a white marble altar of Elyvilon.
 82214 | Depths:1 | Reached skill level 10 in Armour
 82369 | Depths:1 | Found Birier's Weapon Shop.
 82369 | Depths:1 | Found Aporch's Distillery.
 82559 | Depths:1 | Found a gateway to Hell.
 82639 | Depths:1 | Found Vaxzor's Serpentskin Sales.
 83637 | Depths:2 | Found a faded altar of an unknown god.
 83651 | Depths:2 | Found Jiakiet's Weapon Boutique.
 83654 | Depths:2 | Found Fian's Weapon Shop.
 83656 | Depths:2 | Found Mullyaq's Distillery.
 83665 | Depths:2 | Bought a potion of cancellation for 168 gold pieces
 83665 | Depths:2 | Bought a potion of heal wounds for 105 gold pieces
 83665 | Depths:2 | Bought 2 potions of heal wounds for 210 gold pieces
 83665 | Depths:2 | Bought a potion of resistance for 210 gold pieces
 83856 | Depths:2 | Found a faded altar of an unknown god.
 83858 | Depths:2 | Found a hazy altar of Hepliaklqana.
 83858 | Depths:2 | Found a faded altar of an unknown god.
 83887 | Depths:2 | Identified the ring "Lomiluq" {Ice rN+ Will+}
 83887 | Depths:2 | Noticed Josephina
 83935 | Depths:2 | Killed Josephina
 84320 | Depths:2 | Identified the ring of Miracles {*Corrode rN+ Int+3 Dex+4}
 84536 | Depths:2 | Found a radiant altar of Vehumet.
 84536 | Depths:2 | Noticed the Enchantress
 84552 | Depths:2 | Killed the Enchantress
 84673 | Depths:2 | Got the Lessons on Superposition
 84704 | Depths:2 | Found a one-way gate leading to the halls of Pandemonium.
 85301 | Depths:2 | Reached XP level 23. HP: 142/143 MP: 42/42
 87076 | Depths:3 | Found a one-way gateway to a ziggurat.
 87764 | Depths:4 | Entered Level 4 of the Depths
 88166 | Depths:4 | Noticed a golden dragon
 88170 | Depths:4 | Killed a golden dragon
 89024 | Depths:4 | Found a gate to the Realm of Zot.
 89175 | Depths:4 | Noticed Frederick
 89205 | Depths:4 | Killed Frederick
 89842 | Depths:4 | Found Xunguisch's Antique Weapon Shoppe.
 89852 | Depths:4 | Found a runed translucent gate.
 89852 | Depths:4 | Found a runed translucent gate.
 89853 | Depths:4 | Found a runed translucent gate.
 89853 | Depths:4 | Found an ancient bone altar of Kikubaaqudgha.
 89854 | Depths:4 | Noticed Gemnonof's ghost (adept DgCj)
 89855 | Depths:4 | Noticed an ancient lich
 89874 | Depths:4 | Noticed a golden dragon
 89880 | Depths:4 | Killed a golden dragon
 91224 | Vaults:2 | Bought a scroll of immolation for 56 gold pieces
 91224 | Vaults:2 | Bought a scroll of immolation for 56 gold pieces
 91841 | Slime:1  | Entered Level 1 of the Pits of Slime
 92351 | Slime:4  | Reached skill level 10 in Shields
 92410 | Slime:4  | Noticed Dissolution
 92870 | Slime:4  | Killed Dissolution
 92871 | Slime:4  | Reached skill level 15 in Fighting
 92871 | Slime:4  | Reached XP level 24. HP: 150/150 MP: 3/42
 93021 | Slime:5  | Entered Level 5 of the Pits of Slime
 94109 | Slime:5  | Gained mutation: You do not regenerate when monsters are
                  | visible. [a shining eye]
 94371 | Slime:5  | Noticed the Royal Jelly
 95979 | Slime:5  | Found a viscous altar of Jiyva.
 96885 | Elf:2    | Reached skill level 16 in Spellcasting
 98400 | Depths:2 | Learned a level 9 spell: Shatter
 99369 | Slime:5  | Got a slimy rune of Zot
 99370 | Slime:5  | Identified the ring of Idull {+Blink Str+2 Int+3 SInv}
 99371 | Slime:5  | Identified the ring "Gumno" {rN+ Str+5}
100001 | Zot:1    | Entered Level 1 of the Realm of Zot
100696 | Zot:1    | Reached skill level 10 in Dodging
100893 | Zot:1    | Noticed a curse toe
100896 | Zot:1    | Noticed a Killer Klown
100936 | Zot:1    | Killed a Killer Klown
101109 | Zot:1    | Killed a curse toe
103530 | Zot:1    | Noticed an orb of fire
103818 | Zot:1    | Reached XP level 25. HP: 152/157 MP: 26/43
103923 | Zot:2    | Found a transporter.
103930 | Zot:2    | Found a transporter.
104278 | Zot:2    | Found the +4 dragonskin cloak
104278 | Zot:2    | Noticed Tiamat
104946 | Zot:3    | Identified the +10 chain mail of Privacy {rElec Str+2
                  | Dex+2}
105202 | Zot:3    | Identified the +10 glaive "Tusuzen" {freeze, Drain Int+3
                  | Dex+4}
107486 | Zot:4    | Noticed an orb of fire
107685 | Zot:5    | Entered Level 5 of the Realm of Zot
108050 | Zot:5    | Reached skill level 17 in Spellcasting
108247 | Zot:5    | Learned a level 6 spell: Summon Cactus Giant
108956 | Zot:5    | Noticed a dread lich
109477 | Zot:5    | Noticed a Killer Klown
109487 | Zot:5    | Killed a Killer Klown
109586 | Zot:5    | Noticed a Killer Klown
109605 | Zot:5    | Noticed an ancient lich
109613 | Zot:5    | Killed an ancient lich
109625 | Zot:5    | Killed a Killer Klown
109657 | Zot:5    | Noticed a Killer Klown
109669 | Zot:5    | Killed a Killer Klown
109673 | Zot:5    | Noticed a dread lich
109685 | Zot:5    | Killed a dread lich
109871 | Zot:5    | Noticed an orb of fire
109882 | Zot:5    | Killed an orb of fire
109989 | Zot:5    | Noticed an orb of fire
110007 | Zot:5    | Killed an orb of fire
110009 | Zot:5    | Noticed a dread lich
110053 | Zot:5    | Killed a dread lich
110054 | Zot:5    | Reached XP level 26. HP: 164/164 MP: 44/44
110109 | Zot:5    | Noticed a dread lich
110114 | Zot:5    | Killed a dread lich
110115 | Zot:5    | Reached skill level 18 in Spellcasting
111352 | Zot:5    | Noticed an orb of fire
111366 | Zot:5    | Killed an orb of fire
112315 | Zot:2    | Killed Tiamat
112556 | Zot:1    | Killed an orb of fire
113739 | D:3      | Bought a potion of resistance for 140 gold pieces
113739 | D:3      | Bought a potion of berserk rage for 70 gold pieces
113739 | D:3      | Bought a potion of magic for 112 gold pieces
113739 | D:3      | Bought a potion of resistance for 140 gold pieces
113739 | D:3      | Bought a potion of curing for 42 gold pieces
113739 | D:3      | Bought 2 potions of berserk rage for 140 gold pieces
114499 | Zot:5    | Noticed an ancient lich
114503 | Zot:5    | Killed an ancient lich
114614 | Zot:5    | Killed a dread lich
114615 | Zot:5    | Reached skill level 15 in Summonings
114625 | Zot:5    | Got the Orb of Zot
115201 | D:10     | Noticed Huph the pandemonium lord
115313 | D:9      | Reached skill level 19 in Spellcasting
115366 | D:9      | Noticed Orogit the pandemonium lord
115431 | D:7      | Noticed Xaxin the pandemonium lord
115611 | D:$      | Escaped with the Orb!

Illustrated notes

Levels and vault maps discovered:
D:1:      shiori_arrival_oz, layout_rooms, serial_forest,
          infiniplex_forest_zigzag_1, infiniplex_forest_end_double,
          infiniplex_forest_corner_1, infiniplex_forest_clump_curved,
          infiniplex_forest_diagonal, minmay_heptomino_w4
D:2:      layout_basic, kennysheep_small_spiral, grunt_ministairs_11,
          minmay_split_cup_large
D:3:      layout_basic, serial_shops, nicolae_square_shop,
          shapermc_ecumenical_altar_mp_ritualfount
D:4:      layout_loops_ring, kennysheep_mini_moat, minitemple, serial_undead,
          serial_undead_b, serial_undead_f, serial_undead_e, serial_undead_b,
          uniq_blork_the_orc, uniq_natasha, uniq_ijyb, uniq_pikel
D:5:      layout_gridville, marbit_many_paths
D:6:      layout_basic, gammafunk_temple_overflow_claw, centaur_isle,
          uniq_edmund, uniq_prince_ribbit1, uniq_crazy_yiuf_cottage
D:7:      minmay_the_grid_octo_tiled_squarecenter
          [minmay_the_grid_octo_clover_2, minmay_the_grid_octo_pinwheel,
          minmay_the_grid_octo_empty, minmay_the_grid_octo_fan_narrow,
          minmay_the_grid_square_5x5_megaprize_diamond,
          minmay_the_grid_square_5x5_mess, minmay_the_grid_square_5x5_forky,
          minmay_the_grid_square_5x5_seven,
          minmay_the_grid_square_5x5_spiral_small], layout_basic,
          minmay_temple_entry_large_hall, serial_shops,
          nicolae_shop_hallway_stairs, nicolae_specific_store,
          minmay_misc_feat_iff
D:8:      layout_loops_corners, lair_entry_dummy, enter_bailey_2
D:9:      layout_layer_cave, mainiacjoe_overflow_big_doors
D:10:     gammafunk_mikee_crab_dinner, layout_loops_ring, kennysheep_little_box
D:11:     layout_gridville, serial_glass, glass_columns_c, glass_columns_c,
          eino_tiny_chamber, uniq_snorg
D:12:     layout_roguey, erik_orc_4, minmay_shop_grid_forest
D:13:     layout_loops_ring
D:14:     layout_grid_maze, erik_vaults_1
D:15:     hangedman_depths_entry_try_elsewhere_first, layout_layer_cave,
          dk_noncrumbling_2
Lair:1:   dragon1_lemuel, layout_regular_city, infiniplex_staircase_pool
Lair:2:   layout_roguey, elwin_shoals_entry_rocks, gammafunk_ghost_hive,
          worms_lemuel
Lair:3:   layout_cave_shapes, guppyfry_snake_entry_island,
          nzn_masters_of_martial_movement
Lair:4:   layout_regular_city, ice2_lemuel, grunt_megastairs_1,
          serial_bayou_shore_b, serial_bayou_shore_a
Lair:5:   hellmonk_lair_end_abyssal_woods, layout_regular_city, slime_entry_1
Shoals:1: layout_shoals
Shoals:2: layout_shoals, nicolae_shoals_square_sea_wall,
          nicolae_shoals_arrival_archipelago, uniq_jorgrun, uniq_polyphemus
Shoals:3: gammafunk_sealed_arena, layout_shoals, serial_shops,
          nicolae_shop_behind_doors
Shoals:4: shoals_end_grunt_ice, layout_shoals, serial_shops, shop, uniq_louise
Snake:1:  layout_gridlike, serial_bayou_lagoon_b, uniq_azrael, uniq_rupert,
          uniq_kirke
Snake:2:  layout_cave_shapes, basic_altar
Snake:3:  layout_cave_shapes, portal_ice_cave_entry_ice_simulacra,
          grunt_ministairs_1
Snake:4:  grunt_snake_rune_serpentine_throne, layout_cave_town, basic_altar,
          serial_shops, shop
Slime:1:  layout_caves
Slime:2:  layout_caves
Slime:3:  layout_caves, nicolae_slime_barrier
Slime:4:  layout_caves, cheibrodos_slime_lost_civilization_6, uniq_dissolution
Slime:5
Orc:1:    layout_caves, nicolae_shop_gadgets
Orc:2:    hellmonk_orc_salted, layout_caves, nicolae_volcano_entry_two_sided,
          mines3_lemuel
Elf:1:    nicolae_elf_arrival_no_cutting_in_line, layout_geoelf_diagonals,
          minmay_elf_sorcery, billiards_dpeg
Elf:2:    nicolae_elf_blades_splatter_lattice
          [nicolae_blade_entry_floor_patterns], layout_geoelf_diagonals,
          serial_sigils_hangedman_gnaw, elves_outpost_lemuel
Elf:3:    grunt_elf_hall_branching, layout_geoelf_octagon, serial_shops,
          nicolae_shop_hallway_plus, basic_altar, nicolae_elf_theology_debate,
          uniq_mara
Vaults:1: hangedman_vaults_trim, v_rooms_5, grunt_vaults_diagonal,
          nicolae_vaults_arrows, nicolae_vaults_angled_halls,
          vaults_mumra_hexcomb, hangedman_vaults_slice, serial_ice_b, v_misc_12,
          layout_vaults_omnibox, serial_shops, shop, uniq_asterion, uniq_zenata
Vaults:2: portal_desolation_entry_garden, v_misc_1,
          ontoclasm_vaults_loading_screen, nicolae_vaults_diagonal_hallway_7,
          nicolae_vaults_specimen_jars, vaults_room_ringed_pool,
          nicolae_vaults_diagonal_hallway_6, hangedman_vaults_cutoff,
          nicolae_vaults_diagonal_hallway_8, ontoclasm_vaults_spin,
          hangedman_vaults_cutoff, hangedman_vaults_unwind,
          hangedman_vaults_locks, nicolae_vaults_bisected_slash,
          layout_vaults_maze, serial_shops, shop, shop,
          nicolae_shop_bloodbath_and_beyond, nicolae_shop_hallway_plus
Vaults:3: v_pattern_2, nicolae_vaults_little_squares_6, v_rooms_1,
          grunt_vaults_funnel, v_alt_pattern_5, hangedman_vaults_nails,
          minmay_crypt_entry_simple_statues, ontoclasm_vaults_twist, v_misc_27,
          nicolae_vaults_asterisk, ontoclasm_vaults_hangar,
          nicolae_vaults_little_squares_6, ontoclasm_vaults_shuriken,
          vaults_room_door_ring, layout_vaults_big_room, uniq_sojobo
Vaults:4: grunt_vaults_swirl, v_misc_3, nicolae_vaults_fighting_squares,
          nicolae_vaults_little_squares_3, vaults_room_grid,
          hangedman_vaults_nodes, nicolae_vaults_hallways_thing, v_misc_5,
          nicolae_vaults_asterisk, vaults_room_grunt_arrival_ludios,
          dpeg_vaults_monster_box, vaults_room_pool, layout_vaults_omnicross
Depths:1: layout_honeycomb, hangedman_tar_grid_catacomb, elyvilon_altar_5,
          wad_floor_pattern_untrapped, chequers_serial_rivers_micro_d,
          grunt_ministairs_13, corner_web_ring, minmay_misc_feat_alley,
          eino_small_chamber_without_monster, statue_in_the_mist_lemuel,
          guppyfry_shop_venom, minmay_shoptagon
Depths:2: grunt_forest_end_shrine, layout_gridlike,
          nicolae_hepliaklqana_ecumenical_no_more, marbit_kobold_abyss_entry,
          hangedman_coc_ice_floe, pan_entry, minmay_shop_star, uniq_josephina
Depths:3: minmay_box_of_statues, layout_small_grid, enter_ziggurat_e,
          grunt_hell_entry_demonic_statue, minmay_staircase_bubble, abyss_entry
Depths:4: grunt_zot_entry_funnels, layout_gridlike, serial_shops, shop,
          abyss_entry, gammafunk_ghost_crypt, pf_vacation_house_of_asmodeus,
          serial_sigils_hangedman_clutch, nrook_mini_backslash, uniq_frederick
Zot:1:    grunt_zot_stairs_mandelzot, layout_gridlike, zot_minivault_3
Zot:2:    layout_misc_corridors, nicolae_diode_stairs, uniq_tiamat
Zot:3:    layout_onion_interference
Zot:4:    kennysheep_room_grid, layout_basic, grunt_megastairs_3
Zot:5:    layout_basic, grunt_ministairs_8, st_stairs_7

Skill      XL: |  1  2  3  4  5  6  7  8  9 10 11 12 13 14 15 16 17 18 19 20 21 22 23 24 25 26 |
---------------+-------------------------------------------------------------------------------+-----
Transmutations | 1 3 4 5 6 7 |  7.8
Earth Magic    | 4 5 6 7 8 9 10 11 12 13 15 16 17 18 | 18.9
Conjurations   | 1 2 3 4 5 7 8 9 10 11 12 13 14 15 16 17 18 | 18.7
Spellcasting   | 3 4 5 6 7 8 9 10 11 12 13 14 15 16 17 19 | 19.0
Fighting       | 2 4 5 6 7 8 9 10 11 12 13 14 15 16 | 16.4
Maces & Flails | 1 3 7 9 10 11 12 | 12.6
Dodging        | 2 3 4 5 6 7 8 9 10 | 10.0
Ice Magic      | 9 12 13 14 15 16 17 | 17.5
Summonings     | 2 3 4 6 7 9 10 11 12 13 15 | 15.3
Air Magic      | 1 2 |  2.9
Unarmed Combat | 2 |  2.1
Armour         | 2 4 6 7 8 9 10 11 | 11.9
Shields        | 2 4 6 7 8 10 | 10.8
Staves         | |  0.5
Stealth        | |  2.4

Action                   |  1- 3 |  4- 6 |  7- 9 | 10-12 | 13-15 | 16-18 | 19-21 | 22-24 | 25-27 || total
-------------------------+-------+-------+-------+-------+-------+-------+-------+-------+-------++-------
Melee: Staff             |    15 |       |       |       |       |       |       |    13 |       ||    28
       Hand axe          |     7 |       |       |       |       |       |       |       |       ||     7
       Dagger            |    14 |       |       |     6 |       |       |       |       |       ||    20
       Rapier            |       |    10 |       |       |       |       |       |       |       ||    10
       Club              |       |       |    25 |       |       |       |       |       |       ||    25
       Punch             |       |       |     1 |     1 |     3 |       |       |       |       ||     5
       Mace              |       |       |       |   258 |   305 |    97 |   163 |    43 |    71 ||   937
       Whip              |       |       |       |       |       |       |       |    52 |       ||    52
Throw: Stone             |       |       |       |       |       |    11 |       |       |       ||    11
 Cast: Sandblast         |    56 |    82 |   106 |   216 |   549 |   123 |    39 |    57 |    40 ||  1268
       Stone Arrow       |       |     3 |    54 |   118 |   174 |    29 |       |       |       ||   378
       Ozocubu's Armour  |       |       |       |     6 |    87 |    26 |    19 |    30 |     2 ||   170
       Summon Ice Beast  |       |       |       |       |    55 |     7 |       |       |       ||    62
       Mephitic Cloud    |       |       |       |       |    28 |     3 |     5 |       |       ||    36
       Ozocubu's Refrige |       |       |       |       |    40 |   368 |   209 |   248 |    24 ||   889
       Irradiate         |       |       |       |       |    35 |    50 |    34 |    34 |    22 ||   175
       Ensorcelled Hiber |       |       |       |       |     3 |     3 |       |       |       ||     6
       Summon Small Mamm |       |       |       |       |       |     5 |       |     8 |     1 ||    14
       Call Imp          |       |       |       |       |       |     3 |       |     1 |     3 ||     7
       Iron Shot         |       |       |       |       |       |   247 |   344 |   456 |   201 ||  1248
       Spellforged Servi |       |       |       |       |       |       |   127 |   150 |   102 ||   379
       Swiftness         |       |       |       |       |       |       |     3 |     6 |     1 ||    10
       Lehudib's Crystal |       |       |       |       |       |       |     1 |     4 |     5 ||    10
       Shatter           |       |       |       |       |       |       |       |     3 |    16 ||    19
       Summon Cactus Gia |       |       |       |       |       |       |       |       |    58 ||    58
Evoke: Wand              |       |       |       |     1 |       |       |       |       |       ||     1
  Use: Potion            |       |     4 |     1 |     1 |    11 |     1 |     3 |     8 |    23 ||    52
       Scroll            |       |       |     9 |    11 |    14 |    16 |     4 |    13 |     9 ||    76
 Stab: Sleeping          |       |     2 |       |       |       |       |       |       |       ||     2
       Distracted        |       |       |       |       |     1 |       |     2 |     2 |       ||     5
       Confused          |       |       |       |       |     1 |       |       |       |       ||     1
Armor: Robe              |    37 |     3 |       |       |   190 |   188 |   221 |     8 |       ||   647
       Leather armour    |       |    26 |    44 |    25 |       |       |       |       |       ||    95
       Scale mail        |       |     3 |    42 |       |       |       |       |   113 |       ||   158
       Chain mail        |       |       |       |   411 |       |       |       |       |       ||   411
       Troll leather arm |       |       |       |     6 |   444 |       |       |       |       ||   450
       Ice dragon scales |       |       |       |       |    27 |     3 |       |       |       ||    30
       Fire dragon scale |       |       |       |       |       |       |       |   175 |   188 ||   363
       Quicksilver drago |       |       |       |       |       |       |       |       |    35 ||    35
Dodge: Dodged            |    50 |    50 |    86 |   283 |   602 |   125 |   162 |   146 |    88 ||  1592
Block: Kite shield       |       |       |       |       |   119 |   169 |   294 |   301 |   210 ||  1093
       Reflection        |       |       |       |       |    14 |     8 |       |       |       ||    22
